cohdb
Replays
Latest Replays
All Replays
Popular Replays
Top Player Replays
Match Explorer
How It Works
Community
CoH3 Stats
Reddit
Sign in to upload your games and track your stats! →
Sign in with Steam
Match 42503943
Unlisted
Match 42503943
Overview
Messages
Build Orders
End
Construct Infanterie Kompanie
Selects Terror Battlegroup
MG 42 Machine Gun Team
Selects Machine Gun Camouflage
MG 42 Machine Gun Team
Kettenkrad Recon Vehicle
Construct Luftwaffe Kompanie
Jäger Squad
Flak 30 Anti-aircraft Gun Team
Support Elements
Medical Station
Jäger Squad
Wirbelwind Flakpanzer
Jäger Squad
Pioneer Squad
Wirbelwind Flakpanzer
Selects No Quarter
Wirbelwind Flakpanzer
Marder III M Tank Destroyer
MG 42 Bunker
Selects King Tiger Heavy Tank
King Tiger Heavy Tank
Jäger Squad
Selects Interrogate
Selects Propaganda Leaflet Drop
Pioneer Squad
King Tiger Heavy Tank
Pioneer Squad
Propaganda Leaflet Drop
Selects V1 Rocket Strike
V1 Rocket Strike
Jäger Squad
V1 Rocket Strike
King Tiger Heavy Tank
V1 Rocket Strike
jessyjames
꿀뜨개Honeydipper
eternalmustard
STALKER4732
kit.ohume
Devochkin
0
0
Comments
sign in to comment!
No comments posted yet!